[Event "37th ECCC 2022"]
[Site "Mayrhofen"]
[Date "2022.10.05"]
[Round "3.22"]
[White "Johansson, Linus"]
[Black "Volokitin, Andrei"]
[Result "1/2-1/2"]
[ECO "E50"]
[WhiteElo "2461"]
[BlackElo "2645"]
[Annotator "TA"]
[PlyCount "76"]
[EventDate "2022.10.03"]
[EventType "team-tourn"]
[EventCountry "AUT"]
[SourceTitle "playchess.com"]
[Source "ChessBase"]
[SourceQuality "1"]
[TimeControl "40/5400+30:1800+30"]

1. d4 Nf6 2. c4 e6 3. Nc3 Bb4 4. e3 O-O 5. Nf3 c5 6. Bd3 d5 7. cxd5 exd5 {[%emt 0:02:41] E53: Nimzo-Indian: Rubinstein: Main Line (4...0-0 5 Nf3 d5 6 Bd3 c5 7 0-0).} 8. dxc5 Bg4 9. O-O Nbd7 10. Bd2 {[%emt 0:00:10] [#]} Ne5 $146 ({Predecessor:} 10... Rc8 11. Be2 Bxc5 12. Qb3 Bd6 13. Nxd5 Nxd5 14. Qxd5 Ne5 15. Rfd1 Rc2 16. Be1 Rxe2 17. Nxe5 Bxe5 18. Qxe5 Rxe3 19. Qxe3 Bxd1 20. Qxa7 {½-½ (41) Ding,L (2806)-Carlsen,M (2864) chess24.com INT 2022}) 11. Be2 Bxf3 12. Bxf3 Bxc5 13. Be2 a6 (13... d4 $11 {is superior.} 14. exd4 Bxd4) 14. Qb3 $14 b5 15. Rad1 Ra7 {[%emt 0:01:33] The position is equal.} 16. Bc1 Rd7 17. a4 b4 18. Nb1 Qb6 19. Nd2 d4 20. Nf3 Nxf3+ 21. Bxf3 Rfd8 22. exd4 Rxd4 23. Rxd4 Bxd4 24. g3 Qc5 {[%emt 0:00:43][%cal Od4f2] Prevents Qc4.} 25. Kg2 h5 26. Rd1 Ng4 27. Be3 Nxe3+ 28. fxe3 Bf6 29. Rxd8+ Bxd8 30. Qd5 Qxd5 31. Bxd5 $11 {[%emt 0:00:10][%mdl 4096] Endgame KB-KB} a5 32. b3 g6 33. h4 Kg7 34. Kf3 Bc7 35. Bc4 f5 36. Bb5 Kf7 37. Kf2 Ke7 38. Kf3 Bd6 {[%emt 0:00:12] Weighted Error Value: White=0.05 (flawless) /Black=0.06 (flawless)} 1/2-1/2

[Event "37th ECCC 2022"]
[Site "Mayrhofen"]
[Date "2022.10.05"]
[Round "3.23"]
[White "Predojevic, Borki"]
[Black "Zajogin, Alexander"]
[Result "1-0"]
[ECO "C65"]
[WhiteElo "2584"]
[BlackElo "2409"]
[Annotator "TA"]
[PlyCount "97"]
[EventDate "2022.10.03"]
[EventType "team-tourn"]
[EventCountry "AUT"]
[SourceTitle "playchess.com"]
[Source "ChessBase"]
[SourceQuality "1"]
[TimeControl "40/5400+30:1800+30"]

1. e4 e5 2. Nf3 Nc6 3. Bb5 Nf6 4. d3 Bc5 5. Bxc6 dxc6 6. O-O {[%emt 0:00:09] C65: Ruy Lopez: Berlin Defence (3...Nf6), unusual lines and 4 0-0 Bc5.} Nd7 7. c3 O-O 8. d4 {[%emt 0:00:26] The position is equal.} Bd6 9. Bg5 f6 {[%emt 0:00:24] 9...f6 is better than 9...Qe8.} 10. Bh4 Qe7 11. Nbd2 Re8 12. Qc2 Qf7 13. Bg3 b6 14. Rfe1 {[%emt 0:11:05] [#]} Nf8 $146 ({Predecessor:} 14... a5 15. Nf1 Nf8 16. Ne3 Ng6 17. Nf5 Be6 18. b3 a4 19. bxa4 Ra6 20. dxe5 Bxe5 21. Bxe5 Nxe5 {½-½ (33) Lagno,K (2549)-Lei,T (2483) China 2019}) 15. Qa4 b5 16. Qc2 a5 17. a4 Bd7 18. dxe5 fxe5 19. c4 Ng6 20. axb5 (20. cxb5 {with more complications.} cxb5 21. Ng5 Qe7 22. Qb3+) 20... cxb5 21. cxb5 h6 {[%emt 0:01:03] Prevents Ng5.} 22. Nc4 {[%emt 0:02:33] And now b6 would win.} Bxb5 23. Nxd6 {[%emt 0:00:44] White is more active.} cxd6 24. Qd2 Ra6 25. Rxa5 Rxa5 26. Qxa5 Qb7 27. Qb4 Qc6 28. h4 Nh8 29. Nd2 Nf7 30. Nb1 Qc4 31. Qd2 Bc6 32. Nc3 Rb8 33. Re2 (33. f3 {feels hotter.} Qb4 34. Re2 Bd7 35. Qc1) 33... Qc5 34. Kh2 Ra8 35. Qd1 Qc4 36. f3 g6 37. Rd2 {[%emt 0:00:27] Hoping for Rxd6.} Rb8 (37... Qb4 $16 {was necessary.} 38. Bf2 Kg7) 38. Rxd6 $18 Rxb2 $2 (38... Kg7 39. Qd2 Re8) 39. Rxg6+ Kh7 40. Rf6 Kg7 {[%emt 0:00:34] [#]} (40... Be8 $142 41. Qc1 Qb3 42. Bxe5 Qc2 43. Qxc2 Rxc2) 41. Rxf7+ $1 Kxf7 42. Qc1 ({Resist} 42. Bxe5 Qe6 43. Bg3 Qd7) 42... Rb5 (42... Rb7 {keeps fighting.} 43. Bxe5 Kg6) 43. h5 ({Much less strong is} 43. Qxh6 Qxc3 44. h5 Qc4 $18) 43... Ra5 $2 {[%emt 0:12:59] [#]} (43... Rb7 44. Bxe5 Qc5) 44. Qxh6 $1 {[%emt 0:06:52] Threatens to win with Qg6+.} Qxc3 (44... Qe6 45. Qh7+) 45. Bh4 {[%emt 0:01:50] White wants to mate with Qh7+.} Qc5 46. Qf6+ {[%emt 0:02:47] White mates.} Ke8 47. Qe6+ Kf8 48. Bg5 Kg7 49. h6+ {[%emt 0:00:24] Weighted Error Value: White=0.11 (very precise) /Black=0.55} 1-0

[Event "37th ECCC 2022"]
[Site "Mayrhofen"]
[Date "2022.10.05"]
[Round "3.24"]
[White "Rafiee, Makan"]
[Black "Sebenik, Matej"]
[Result "0-1"]
[ECO "B33"]
[WhiteElo "2316"]
[BlackElo "2518"]
[Annotator "TA"]
[PlyCount "68"]
[EventDate "2022.10.03"]
[EventType "team-tourn"]
[EventCountry "AUT"]
[SourceTitle "playchess.com"]
[Source "ChessBase"]
[SourceQuality "1"]
[TimeControl "40/5400+30:1800+30"]

1. e4 c5 2. Nf3 Nc6 3. d4 cxd4 4. Nxd4 Nf6 5. Nc3 e5 6. Ndb5 d6 7. Bg5 a6 8. Na3 b5 9. Bxf6 gxf6 10. Nd5 f5 11. g3 fxe4 12. Bg2 Bg7 13. Bxe4 Be6 14. Qh5 Rc8 15. O-O {[%emt 0:10:29] B33: Sicilian: Pelikan and Sveshnikov Variations.} Ne7 16. Nxe7 Qxe7 17. Rad1 {[%emt 0:00:28] The position is equal.} h6 18. Nb1 b4 {[%emt 0:08:41] Inhibits Nc3.} 19. c3 a5 {[%emt 0:02:26] [#]} 20. a3 $146 ({Predecessor:} 20. cxb4 axb4 21. a3 bxa3 22. Nxa3 Qd7 23. Qf3 O-O 24. Rd2 f5 25. Bd5 e4 26. Qb3 Bxd5 27. Qxd5+ {1-0 (47) Cuenca Jimenez,J (2526)-Martinez Piqueras,C (2141) Linares 2015}) 20... O-O 21. axb4 axb4 22. cxb4 Rc4 23. Nc3 Rxb4 24. Rd2 {[%emt 0:00:53] [#]} (24. Nd5 {deserves consideration.} Bxd5 25. Bxd5) 24... Rxe4 $1 $11 25. Nxe4 d5 26. Nc3 d4 $36 {[%emt 0:00:03][%mdl 2048] Black is pushing.} 27. Ne2 Qb4 28. Rdd1 Qxb2 {[%emt 0:00:13] Strongly threatening ...Bc4.} 29. f4 $2 {[%emt 0:01:51][%mdl 8192] Loses the game.} (29. Nc1 $1 $11) 29... Bc4 $19 30. Rf2 {[%emt 0:01:03][%cal Oe2d4] [#] Hoping for Nxd4!} e4 31. f5 (31. Nc1 $142 Qc3 32. f5) 31... e3 {[%emt 0:02:36] Black is clearly winning.} 32. Rg2 d3 {[%emt 0:01:50][%cal Bd4d3,Bd3d2][%mdl 32] And now ...Ra8 would win.} 33. Nf4 e2 {[%emt 0:00:48][%cal Ob2d2] ( -> ...Qd2!)} 34. Re1 d2 {[%emt 0:02:33] Weighted Error Value: White=1.20/Black=0.04 (flawless)} 0-1

[Event "37th ECCC 2022"]
[Site "Mayrhofen"]
[Date "2022.10.05"]
[Round "3.25"]
[White "Can, Emre"]
[Black "Maghsoodloo, Parham"]
[Result "1-0"]
[ECO "E04"]
[WhiteElo "2592"]
[BlackElo "2721"]
[Annotator "TA"]
[PlyCount "59"]
[EventDate "2022.10.03"]
[EventType "team-tourn"]
[EventCountry "AUT"]
[SourceTitle "playchess.com"]
[Source "ChessBase"]
[SourceQuality "1"]
[TimeControl "40/5400+30:1800+30"]

1. d4 Nf6 2. c4 e6 3. g3 d5 4. Bg2 dxc4 5. Nf3 a6 6. O-O Nc6 7. a4 Rb8 8. a5 b5 {[%emt 0:07:34] E04: Open Catalan: 5 Nf3.} 9. axb6 $1 cxb6 10. Bf4 {[%emt 0:00:14] Black must now prevent Nfd2.} Bd6 {[%emt 0:00:07] The position is equal.} 11. Ne5 Ne7 12. Bc6+ $1 {[%emt 0:00:08][%mdl 4] is recently more successful than 12.Nxc4.} Kf8 13. Bg2 Nfd5 14. Bd2 {[%emt 0:00:14] [#]} Qc7 $146 ({Predecessor:} 14... b5 15. b3 f6 16. bxc4 fxe5 17. cxd5 exd5 18. Bg5 Bb7 19. Nc3 h6 20. Bxe7+ Bxe7 21. dxe5 {1-0 (50) Giri,A (2776)-Nepomniachtchi,I (2792) Zagreb 2021}) 15. e4 Nb4 16. Na3 $40 {[%emt 0:14:58][%mdl 128] White is out for blood. White is more active.} b5 {[%emt 0:00:21] [#]} 17. Nexc4 $1 bxc4 18. e5 Bxe5 19. dxe5 Nd3 {[%emt 0:00:27] [#]} 20. Ba5 $1 Qc5 {[%emt 0:07:28] [#]} 21. Nxc4 $1 Qxc4 22. Ra3 Nd5 23. Rxd3 ({Don't do} 23. Qxd3 Qxd3 24. Rxd3 Rxb2 $14) 23... h6 $2 {[%emt 0:07:57][%mdl 8192] [#] Black cannot hold the game after this.} (23... Kg8 $16 24. Rd4 (24. Bxd5 exd5 25. Rxd5 h6 $16) 24... Qb3 25. Bxd5 exd5) 24. Rc3 $1 $18 Qb5 25. Bc7 {[%emt 0:00:47] This bishop pair is nice.} Ra8 {[%emt 0:00:05] White is clearly winning.} 26. Rc5 Qb7 (26... Qd7 $142 27. Bxd5 exd5 28. Rxd5 (28. Bd6+ Kg8 $16) 28... Qxc7) 27. Bd6+ (27. Bxd5 exd5 28. Qxd5 Qxd5 29. Rxd5 Bh3 $16) 27... Kg8 28. Rxd5 ({Weaker is} 28. Bxd5 exd5 29. Qxd5 Qxd5 30. Rxd5 Kh7 $16) 28... exd5 29. Bxd5 Qa7 30. Qf3 {[%emt 0:00:12] Weighted Error Value: White=0.03 (flawless) /Black=0.30} 1-0

[Event "37th ECCC 2022"]
[Site "Mayrhofen"]
[Date "2022.10.05"]
[Round "3.26"]
[White "Van Foreest, Jorden"]
[Black "Sanal, Vahap"]
[Result "1/2-1/2"]
[ECO "C45"]
[WhiteElo "2694"]
[BlackElo "2595"]
[Annotator "TA"]
[PlyCount "93"]
[EventDate "2022.10.03"]
[EventType "team-tourn"]
[EventCountry "AUT"]
[SourceTitle "playchess.com"]
[Source "ChessBase"]
[SourceQuality "1"]
[TimeControl "40/5400+30:1800+30"]

1. e4 e5 2. Nf3 Nc6 3. d4 exd4 4. Nxd4 Bc5 5. Nb3 Bb6 6. Nc3 d6 7. Bf4 {[%emt 0:00:27] C45: Scotch Game.} Nf6 8. Qd2 a5 9. a4 {[%emt 0:05:21] [#]} Nb4 $146 ({Predecessor:} 9... O-O 10. O-O-O Be6 11. f3 Nb4 12. g4 d5 13. g5 Nh5 14. Be3 dxe4 15. Bxb6 cxb6 16. fxe4 {1-0 (45) Lintchevski,D (2561)-Maiorov,N (2446) Cheliabinsk 2021}) 10. O-O-O O-O 11. f3 Nd7 (11... Be6 $11) 12. h4 $14 Nc5 13. Nxc5 Bxc5 14. h5 Be6 15. h6 {[%emt 0:01:20] And now hxg7 would win.} g6 16. Kb1 Qe7 ({Black should play} 16... f6 $14) 17. Nd5 $1 $16 Nxd5 18. exd5 Bd7 19. Re1 $1 (19. Qc3 $6 f6 $14) 19... Qd8 20. Be3 {[%emt 0:10:22] White is more active.} (20. Qc3 f6 21. Qb3 Bf2 $14) 20... Bxe3 21. Rxe3 Qf6 22. Bb5 c6 23. Bc4 cxd5 (23... c5 $16) 24. Bxd5 $18 (24. Qxd5 $6 Bxa4 25. Bb5 (25. Qxb7 $2 Rab8 $19) 25... Bxb5 26. Qxb5 Qd4 $11) 24... Bxa4 25. g4 $1 {[%emt 0:02:52][%cal Bg2g4,Bg4g5][%mdl 32] g5 is the strong threat.} Rac8 26. b3 Bd7 27. g5 Qf4 28. Bxb7 (28. Qc1 $16 {[%cal Oc1b2] Qb2! would kill now.} Kh8 29. Re7 (29. Bxb7 Rb8 $14) 29... Qxc1+ 30. Kxc1) 28... Rc5 $11 29. Rd3 Qxd2 30. Rxd2 Rxg5 31. Rxd6 Be6 32. Kb2 Rb8 33. Rhd1 {[%emt 0:01:22] White threatens Rd8+ and mate.} Kf8 (33... Rf8 $1 $14) 34. Rd8+ $1 $16 Rxd8 35. Rxd8+ {[%emt 0:00:02][%mdl 4096] Endgame KRB-KRB} Ke7 {[%emt 0:00:03] [#]} 36. Rh8 Rb5 37. Be4 a4 {[%emt 0:01:25][%cal Ra4b3] [#]} 38. Bc6 $1 ({Of course not} 38. Rxh7 axb3 39. Rh8 bxc2+ 40. Kxc2 Rh5 $11) 38... Rh5 39. bxa4 ({Reject} 39. Bxa4 Rxh6 40. Kc3 Kd6 $15) (39. Rxh7 $16 axb3 40. cxb3) 39... Rxh6 $11 {[%emt 0:03:58] The position is equal.} 40. a5 Rh5 41. a6 Ra5 42. Bb7 h5 43. f4 Kd6 44. Rh7 Kc7 45. Be4 Kb6 46. Bd3 Ra4 47. f5 {[%emt 0:00:00] Weighted Error Value: White=0.07 (flawless) /Black=0.09 (flawless)} 1/2-1/2

[Event "37th ECCC 2022"]
[Site "Mayrhofen"]
[Date "2022.10.05"]
[Round "3.27"]
[White "Gokerkan, Cem Kaan"]
[Black "Amin, Bassem"]
[Result "1/2-1/2"]
[ECO "C58"]
[WhiteElo "2465"]
[BlackElo "2667"]
[Annotator "TA"]
[PlyCount "138"]
[EventDate "2022.10.03"]
[EventType "team-tourn"]
[EventCountry "AUT"]
[SourceTitle "playchess.com"]
[Source "ChessBase"]
[SourceQuality "1"]
[TimeControl "40/5400+30:1800+30"]

1. e4 e5 2. Nf3 Nc6 3. Bc4 Nf6 4. Ng5 d5 5. exd5 Na5 6. Bb5+ c6 7. dxc6 bxc6 8. Bd3 Nd5 {[%emt 0:00:10] C58: Two Knights: 4 Ng5 d5 5 exd5 Na5 sidelines.} 9. Nf3 (9. Qh5 g6 10. Nxf7 gxh5 $17) 9... Bd6 10. O-O O-O 11. Re1 f5 {[%emt 0:00:11] The modern move.} 12. Nxe5 Qf6 $1 (12... Qh4 13. Bf1 $18) 13. Nf3 g5 $1 14. c4 Nf4 15. Bf1 g4 16. d4 gxf3 17. Qxf3 Ne6 (17... Qxd4 18. Rd1 Nh3+ 19. gxh3 $16) 18. Qc3 Qh4 19. h3 {[%emt 0:07:34] Black must now prevent d5.} c5 $1 {[%emt 0:00:17][%cal Of5f4] [#]} 20. Qxa5 $146 (20. d5 $6 Nd4 $14) ({Predecessor:} 20. Nd2 Nxd4 21. Nf3 Nxf3+ 22. Qxf3 Bb7 23. Qc3 Nc6 24. Re6 Rad8 25. Bh6 Nd4 26. Bxf8 Bxf8 {0-1 (32) Deac,B (2679)-Demchenko,A (2654) Chess.com INT 2022}) 20... Nxd4 21. Nc3 $1 f4 $1 22. Re4 {[%emt 0:00:09][%cal Oe4d4] Threatens to win with Rxd4!} Nf3+ 23. gxf3 Bxh3 24. Bxh3 Qxh3 25. Ne2 $1 (25. Nb5 Rf5 $1 26. Bxf4 Rh5 $1) 25... Qxf3 26. Rxf4 Bxf4 27. Nxf4 Rae8 {[%emt 0:12:20] ...Qg4+ is the strong threat.} (27... Rad8 $5 28. Be3 $8 Rd7 $11) 28. Bd2 $2 (28. Qd2 $2 Rxf4 $1 29. Qd5+ Qxd5 30. cxd5 Re1+ 31. Kg2 Rd4 $19) (28. Be3 $11 Rxe3 29. fxe3 Qxe3+ 30. Kh1 Qxf4 31. Rg1+ Kh8 32. Qc3+ Rf6 33. Rg2) 28... Rf5 $2 (28... Re5 $19 {( -> ...Rg5+)} 29. Qa3 Rg5+ 30. Kf1 Qh1+ 31. Ke2 Re8+ 32. Kd3 Qxa1) 29. Rf1 $11 Rg5+ 30. Kh2 {[%emt 0:00:59] Hoping for Qc3.} Rg4 31. Rg1 Qxf2+ 32. Rg2 Qh4+ (32... Rxg2+ 33. Nxg2 Qd4 34. Qc3 $16) 33. Kg1 $1 Rxg2+ 34. Kxg2 {[%emt 0:09:47] Chess con chili.} Re5 ({Black should try} 34... Qg4+ $11 35. Kf2 Qh4+ 36. Kf3 Qh1+ 37. Kg3 Qg1+ 38. Ng2 h5) 35. Qc7 (35. Qxa7 Qg4+ 36. Kh2 Qh4+ 37. Kg1 Qg4+ 38. Ng2 Qd4+ 39. Be3 Qd1+ 40. Kf2 (40. Kh2 Qh5+ 41. Kg3 Qg6+ 42. Kf2 Qc2+ 43. Kf3 Qe4+ 44. Kg3 Qg6+ 45. Kh2 Rh5+ 46. Kg1 Qb1+ 47. Kf2 Qc2+ 48. Kg3 Qg6+ 49. Kf2 Qc2+ 50. Kg3 Qg6+ 51. Kf2 Qc2+ $11) 40... Qc2+ 41. Kg3 Qg6+ 42. Kh2 Qh5+ 43. Kg3 (43. Kg1 Qd1+ 44. Kh2 Qh5+ 45. Kg3 Qg6+ 46. Kf3 Qe4+ 47. Kg3 Qg6+ $11) 43... Qg6+ 44. Kh2 Qh5+ 45. Kg3 (45. Kg1 Qd1+ 46. Kf2 Qc2+ 47. Kf3 Qe4+ 48. Kg3 Qg6+ $11) 45... Qg6+ $11) (35. Qa3 $1 $14) 35... Qg4+ 36. Kf2 Qh4+ $1 37. Kf3 Qh1+ 38. Ng2 Qf1+ $1 (38... Qh3+ $2 39. Kf2 Qh5 40. Qd8+ (40. Bc3 Qe2+ 41. Kg1 Qd1+ 42. Kh2 Rh5+ 43. Kg3 Rg5+ 44. Kh2 Rh5+ 45. Kg3 Rg5+ 46. Kh2 Rh5+ $11) 40... Re8 41. Qd5+ Qxd5 42. cxd5 $18) 39. Kg3 Qd3+ 40. Kh4 Qd4+ 41. Bf4 Qf2+ 42. Bg3 Qf6+ 43. Kh3 Rh5+ (43... Qf5+ $14 44. Kh2 Re2) 44. Bh4 $18 Qe6+ 45. Kg3 Rf5 46. b3 (46. Qxa7 Qe5+) 46... h5 (46... Qe5+ {is a better defense.} 47. Qxe5 Rxe5) 47. Qe7 (47. Qxa7 Qe5+) (47. Qd8+ $18 Kh7 48. Kh2) 47... Re5 (47... Qxe7 $16 48. Bxe7 Kf7) 48. Qxa7 Qg4+ 49. Kh2 Re2 50. Qb8+ (50. Bg3 h4 51. Qa8+ (51. Qb8+ Kh7 $11) 51... Kg7 $11) (50. Qa8+ $18 Kh7 51. Kg1) 50... Kf7 51. Qc7+ Ke8 (51... Kg6 $14 52. Qc6+ (52. Bg3 h4 $11) 52... Kh7) 52. Qd8+ Kf7 53. Qf6+ (53. Bg3 Qe4 54. Qd7+ Kg6 55. Qd6+ Kh7 56. Qc7+ Kh8 57. Qd8+ Kh7 58. Qc7+ Kh8 59. Qc8+ Kg7 60. Qd7+ Kg6 61. Qd6+ Kh7 62. Qc7+ $11) 53... Kg8 54. Bg3 Rxa2 55. Qd8+ Kf7 56. Qd5+ Ke8 57. Qe5+ (57. Qxc5 $16 {aiming for Qe5+.} Re2 58. Qc6+ Kf7 59. Qd5+ Kf6 60. Qd6+ Kf7 61. Qd5+ Kf6 62. Qd8+ Kg7 63. Qc7+ Kg8 64. Qb8+ Kf7 65. Qa7+ Kg6 66. Qa6+ Kf7 67. Qb7+ Kg6 68. Qc6+ Kf7 69. Qc7+ Kg8 70. Qb8+ Kf7 71. Qc7+ Kg8) 57... Kf7 $14 58. Qd5+ ({Much less strong is} 58. Qxc5 $6 h4 59. Qd5+ (59. Qc7+ Kg8 $18) 59... Kg7 60. Qe5+ Kf7 $18) (58. Qc7+ $14 Kg6 59. Qd6+ (59. Qxc5 h4 $18) 59... Kf7 60. Qd5+ (60. Qxc5 h4 $18) 60... Ke8 61. Qxc5) 58... Ke8 $1 $16 59. Qc6+ (59. Qxc5 $16 {Strongly threatening Qc6+.} Re2 60. Qc6+ Kf7 61. Qd5+ Kf6 62. Qd6+ Kf7 63. Qd5+ Kf6 64. Qd8+ Kg7 65. Qc7+ Kg8 66. Qb8+ Kf7 67. Qc7+ Kg8 68. Qb8+ Kf7 69. Qc7+ Kg8) 59... Kf7 $14 60. Qc7+ ({Don't do} 60. Qxc5 $6 h4 61. Qc7+ Kg8 $18) 60... Ke8 (60... Kg6 $1 $14) 61. Qe5+ (61. Qxc5 $16 {And now Qe5+ would win.} Re2 {[#]} 62. Kg1 $1) 61... Kf7 62. Qxc5 Qf3 $2 ({Better is} 62... h4 $1 $14 63. Qd5+ (63. Qc7+ Kg6 $18) 63... Kg7 64. Be5+ Kh6) 63. Qd5+ $2 (63. Qc7+ $18 Ke8 64. Qc8+ Ke7 65. Bh4+ (65. Qc7+ Ke8 $18) 65... Kd6 66. Qd8+ Kc6 67. Qg5) 63... Qxd5 $11 {[%emt 0:00:01] The position is equal.} 64. cxd5 Rd2 65. d6 Rb2 66. Bh4 {[%emt 0:00:34] Threatening mate with d7.} Ke6 67. Be7 Kd7 68. Kg3 Rxb3+ 69. Kh4 Rd3 {[%emt 0:00:13] Black escapes into a draw.  Weighted Error Value: White=0.22 (precise) /Black=0.25 (precise)} 1/2-1/2

[Event "37th ECCC 2022"]
[Site "Mayrhofen"]
[Date "2022.10.05"]
[Round "3.28"]
[White "Vocaturo, Daniele"]
[Black "Firat, Burak"]
[Result "1/2-1/2"]
[ECO "C50"]
[WhiteElo "2615"]
[BlackElo "2455"]
[Annotator "TA"]
[PlyCount "73"]
[EventDate "2022.10.03"]
[EventType "team-tourn"]
[EventCountry "AUT"]
[SourceTitle "playchess.com"]
[Source "ChessBase"]
[SourceQuality "1"]
[TimeControl "40/5400+30:1800+30"]

1. e4 e5 2. Nf3 Nc6 3. Bc4 Nf6 4. d3 Bc5 5. O-O d6 6. c3 a6 7. Re1 {[%emt 0:04:29] C54: Giuoco Piano: 4 c3 Nf6, main lines with 5 d4 and 5 d3.} Ba7 8. a4 h6 9. Na3 O-O 10. Nc2 Ne7 {[%emt 0:15:35] was the old line (10...Re8).} 11. Be3 Bxe3 12. Nxe3 Ng6 13. b4 c6 14. Bb3 Re8 {[%emt 0:08:03] [#]} 15. Qc2 $146 ({Predecessor:} 15. Nc4 Bg4 16. h3 Be6 17. a5 Bxc4 18. Bxc4 d5 19. Bb3 Qd6 20. Qc2 Rad8 21. Rad1 {½-½ (45) Tsydypov,Z (2529)-Grischuk,A (2771) St Petersburg 2018}) 15... d5 16. c4 Be6 (16... d4 $5 17. Nf5 Nf4 $15) 17. a5 d4 18. Nf1 (18. Nf5 $5 ) 18... Nh7 (18... c5 $15) 19. c5 $11 Nf4 20. Bxe6 (20. N1d2 {is interesting.} Ng5 21. Bxe6 Rxe6 22. g3) 20... Rxe6 21. g3 Nh3+ 22. Kg2 N3g5 23. N1d2 Qd7 ({Black should play} 23... Nxf3 $14 24. Nxf3 Ng5) 24. Ng1 $16 {[%emt 0:02:02] [#] Strongly threatening h4.} f5 25. exf5 Re7 26. h4 (26. Nc4 $18 {Hoping for Nb6.} Qd5+ 27. f3) 26... Nf7 $14 27. Ngf3 {[%emt 0:00:07] With the idea Nc4.} Rae8 28. Ne4 {[%emt 0:03:49] Black must now prevent Qa2.} Qxf5 29. Nd6 Nxd6 30. cxd6 Rf7 31. Nxd4 Qd7 32. Nf3 Qxd6 (32... Rxf3 $2 33. Kxf3 Qh3 34. Ke3 $18) 33. Qc5 Qxc5 34. bxc5 Rfe7 ({Don't take} 34... Ref8 35. Re3 $16 (35. Nxe5 Rxf2+ 36. Kg1 Rc2 $11)) 35. Nd2 {[%emt 0:01:00] Threatening Ne4.} Rd8 36. Ra3 Rd5 37. Ne4 {[%emt 0:01:03] Weighted Error Value: White=0.15 (very precise) /Black=0.11 (very precise)} 1/2-1/2

[Event "37th ECCC 2022"]
[Site "Mayrhofen"]
[Date "2022.10.05"]
[Round "3.29"]
[White "Ozen, Deniz"]
[Black "Van Wely, Loek"]
[Result "1/2-1/2"]
[ECO "B08"]
[WhiteElo "2397"]
[BlackElo "2629"]
[Annotator "TA"]
[PlyCount "80"]
[EventDate "2022.10.03"]
[EventType "team-tourn"]
[EventCountry "AUT"]
[SourceTitle "playchess.com"]
[Source "ChessBase"]
[SourceQuality "1"]
[TimeControl "40/5400+30:1800+30"]

1. e4 g6 2. d4 Bg7 3. Nc3 d6 4. Nf3 Nf6 5. Be2 O-O 6. O-O c6 7. a4 Qc7 8. h3 Nbd7 9. Be3 e5 10. dxe5 dxe5 11. Bc4 Re8 {[%emt 0:30:22] [#] B08: Pirc Defence: Classical System.} 12. Qb1 $146 {[%emt 0:08:50] White is much more active. The black rooks are badly placed.} ({White should play} 12. Ng5 $1 $16 Re7 13. a5) ({Predecessor:} 12. Qe2 Nf8 13. Ng5 Ne6 14. Nxe6 Bxe6 15. Bxe6 Rxe6 16. Qc4 Qe7 {½-½ (16) Atabayev,M (2465)-Kakageldyev,A (2379) Moscow 2014}) 12... Nf8 $11 13. Ng5 Ne6 14. Nxe6 Bxe6 15. Qa2 Qa5 16. Bxe6 Rxe6 17. Qc4 Bf8 18. Rfd1 Rd6 19. Rxd6 Bxd6 20. Rd1 Be7 21. Bg5 {[%emt 0:13:46] [#] aiming for Bxf6.} Rd8 {[%emt 0:02:58] The position is equal.} (21... Kg7 {keeps more tension.} 22. Rd3 Rd8 23. b4 Qc7) 22. Rxd8+ Qxd8 23. Be3 a6 24. b4 Nh5 25. b5 axb5 26. axb5 Qd7 27. bxc6 bxc6 28. Kh2 Ng7 29. Na4 Ne6 30. Qb3 Kg7 31. Nb6 Qc7 32. Nc4 Bc5 33. Bxc5 Nxc5 {[%emt 0:00:02][%mdl 4096] Endgame KQN-KQN} 34. Qe3 Ne6 35. Qc3 f6 36. Na5 Nd4 37. Qc5 Nxc2 38. Nxc6 Nb4 39. Qxb4 Qxc6 40. Qe7+ Kg8 {[%emt 0:00:07] Weighted Error Value: White=0.06 (flawless) /Black=0.04 (flawless)} 1/2-1/2

[Event "37th ECCC 2022"]
[Site "Mayrhofen"]
[Date "2022.10.05"]
[Round "3.30"]
[White "Tregubov, Pavel V."]
[Black "Kamer, Kayra"]
[Result "1-0"]
[ECO "E94"]
[WhiteElo "2548"]
[BlackElo "2354"]
[Annotator "TA"]
[PlyCount "71"]
[EventDate "2022.10.03"]
[EventType "team-tourn"]
[EventCountry "AUT"]
[SourceTitle "playchess.com"]
[Source "ChessBase"]
[SourceQuality "1"]
[TimeControl "40/5400+30:1800+30"]

1. d4 Nf6 2. c4 g6 3. Nc3 Bg7 4. e4 d6 5. Nf3 O-O 6. Be2 e5 7. O-O Nbd7 8. Be3 exd4 9. Nxd4 Re8 10. f3 c6 11. Qd2 d5 12. exd5 cxd5 13. Rad1 Nb6 14. c5 $1 {[%emt 0:08:33] E94: King's Indian: Classical: 6 Be2 e5 7 0-0: Various Black 7th moves.} Nc4 15. Bxc4 dxc4 16. Bf2 {[%emt 0:21:20] [#]} (16. Qf2 $16) 16... Bd7 $146 ({Predecessor:} 16... a6 17. Na4 Nd5 18. Qc2 Qg5 19. h4 Qh6 20. Rfe1 Bd7 21. c6 bxc6 22. Qxc4 Ne3 23. Rxe3 Rxe3 {1-0 (33) Coppola,C (2214)-Caitano,M (2072) Punta del Este 2018}) 17. Ndb5 Be6 ({Black should play} 17... Bxb5 $14 18. Nxb5 Qxd2 19. Rxd2 Red8) 18. Qe2 (18. Nd6 $142) 18... Qa5 $16 19. Nd6 Re7 20. Nxc4 {[%emt 0:03:17] White is much more active. Pair of Knights!} Qa6 21. b3 Bxc4 22. Qxc4 Qxc4 23. bxc4 Rae8 (23... b6 $16) 24. Nb5 Re2 25. Nd6 Rb8 26. Rb1 {[%emt 0:02:26] Black must now prevent c6.} Bf8 27. a3 b6 {[%emt 0:06:25] [#]} 28. Rfd1 $1 Rd8 29. cxb6 Rxd6 $4 {[%emt 0:14:52][%mdl 8192] A mistake that costs the game.} (29... Bxd6 $2 30. bxa7 Ree8 31. c5 $18) (29... axb6 $16 30. Rxb6 Ra8) 30. Rxd6 $18 {[%emt 0:00:40] White is clearly winning.} Bxd6 31. bxa7 Re8 32. Rb6 Be5 33. f4 Nd7 34. Rb7 Bxf4 35. Rxd7 Ra8 36. Bd4 {[%emt 0:02:15] Weighted Error Value: White=0.17 (very precise) /Black=0.35} 1-0